 Dungeon Crawl Stone Soup version 0.30.1 (webtiles) character file.

Game seed: 630169496035824367

691 GeoRichter the Cutter (level 7, -3/37 HPs)
             Began as a Vine Stalker Brigand on July 1, 2023.
             Was an Initiate of Okawaru.
             Slain by a shadow (5 damage)
             ... on level 6 of the Dungeon.
             The game lasted 00:07:00 (4336 turns).

GeoRichter the Cutter (Vine Stalker Brigand)        Turns: 4336, Time: 00:07:00

Health: -3/37      AC:  8    Str: 15    XL:     7   Next: 63%
Magic:  0/8        EV:  9    Int: 11    God:    Okawaru [......]
Gold:   196        SH:  0    Dex: 19    Spells: 6/6 levels left

rFire   . . .        b - +2 dagger (venom)
rCold   . . .        (no shield)
rNeg    . . .        g - +0 scale mail
rPois   .            (no helmet)
rElec   .            c - +0 cloak
rCorr   .            o - +0 pair of gloves {Dex+3}
SInv    .            (no boots)
Will    .....        (no amulet)
Stlth   ++           (no ring)
HPRegen 1.06/turn    (no ring)
MPRegen 0.11/turn

%: guardian spirit
@: no status effects
A: fangs 2, regeneration 1, magic shield, antimagic bite, no potion heal 2
a: Renounce Religion


You were on level 6 of the Dungeon.
You worshipped Okawaru.
Okawaru was noncommittal.
You visited 2 branches of the dungeon, and saw 7 of its levels.

You collected 238 gold pieces.
You spent 42 gold pieces at shops.

Inventory:

Hand Weapons
 a - a +2 dagger
 b - a +2 dagger of venom (weapon)
   (You found it on level 1 of the Dungeon)
Missiles
 d - 2 poisoned darts (quivered)
 e - 3 curare-tipped darts {!f}
Armour
 c - a +0 cloak (worn)
 g - a +0 scale mail (worn)
   (You found it on level 1 of the Dungeon)
 o - a +0 pair of gloves of dexterity (worn)
   (You found it on level 2 of the Dungeon)
Wands
 A - a wand of paralysis (11)
   (You found it on level 6 of the Dungeon)
Scrolls
 h - 3 scrolls of enchant weapon
 j - a scroll of amnesia {unknown}
 k - a scroll of summoning {unknown}
 l - 2 scrolls of identify {@r1}
 s - a scroll of fear {unknown}
 x - a scroll of teleportation {unknown}
 y - a scroll of blinking {unknown}
Potions
 f - 7 potions of curing {@q1}
 i - 2 potions of lignification {unknown}
 m - 5 potions of brilliance
 n - a potion of berserk rage {unknown}
 p - a potion of attraction {unknown}
 r - a potion of haste {unknown}
 t - a potion of might {unknown}
 u - 2 potions of mutation {unknown}
 w - a potion of magic {unknown}
 B - a potion of degeneration {unknown}


   Skills:
 + Level 3.6 Fighting
 * Level 6.9 Short Blades
 - Level 1.7 Throwing
 - Level 0.7 Dodging
 - Level 4.8 Stealth
 + Level 0.0 Invocations


You had 6 spell levels left.
You didn't know any spells.
Your spell library contained the following spells:

 Spells                   Type           Power      Damage    Failure   Level
 Ozocubu's Armour         Ice            0%         N/A       99%         3
 Ozocubu's Refrigeration  Ice            0%         4d7       100%        7


Dungeon Overview and Level Annotations

Branches:
Dungeon (6/15) Zot: 26866  Temple (1/1) D:5 Zot: 5882

Altars:
Ashenzari
Cheibriados
Dithmenos
Fedhas
Makhleb
Nemelex Xobeh
Okawaru
Sif Muna
Zin

Shops:
D:3 [((!   D:4 =

Annotations:
D:3 1 runed translucent door, bencef's ghost, amateur OpTm


Innate Abilities, Weirdness & Mutations

You have extremely sharp teeth.
Your natural rate of healing is unusually fast.
When hurt, damage is shared between your health and your magic reserves.
Your bite disrupts and absorbs the magic of your enemies.
Potions cannot restore your health.


Message History

The shadow moves out of view.
Found a pair of glowing gloves.
A shadow is nearby!
A shadow is nearby!
Press: ? - help, v - describe, . - travel, g - get item Item here: a pair of glowing gloves.
The floor.
Unknown command.
Unknown command.
You now have 196 gold pieces (gained 12).
Found a stone staircase leading down.
C - a +1 pair of gloves
Okay, then.
You drop a +1 pair of gloves.
A shadow is nearby!
A scorpion comes into view.
Found 2 inky potions.
The shadow hits you.
You hit the shadow.
The shadow is lightly damaged.
The shadow hits you.
You hit the shadow but do no damage. You bite the shadow, but do no damage.
The shadow is lightly damaged.
You hit the shadow. Your bite misses the shadow.
The shadow is lightly damaged.
The shadow slips into darkness.
The shadow flickers and vanishes!
Deactivating autopickup; reactivate with Ctrl-A.
You miss something. Your bite misses something.
The shadow strikes at you from the darkness!
Ouch! That really hurt!
* * * LOW HITPOINT WARNING * * *
Reactivating autopickup.
Okay, then.
Okay, then.
The air fills with toxic fumes!
As you read the scroll labelled DONERANL LOUZOWK, it crumbles to dust.
It was a scroll of poison.
The shadow slips into darkness.
The shadow flickers and vanishes!
Deactivating autopickup; reactivate with Ctrl-A.
As you read the scroll labelled HENURA IPENIL, it crumbles to dust.
Your body is wracked with pain!
* * * LOW HITPOINT WARNING * * *
The scorpion convulses!
It was a scroll of torment.
The shadow strikes at you from the darkness!
* * * LOW HITPOINT WARNING * * *
Reactivating autopickup.
As you read the scroll labelled KAUCHA YKOXO, it crumbles to dust.
The scroll dissolves into smoke.
It was a scroll of fog.
The shadow hits you.
You die...

#..................##
#§§§§§#>.............
#§§§§§###############
#§§§§§#
#§§§§§#########
.#§§§§§§§§§§§§§#
...§§§§§§§§§§§§§§#
...§§§§§§§§§§§§§§#
#+#§§§§§§§@§§§§§§#
#§§§§§§§§W§§§§§§
#§##§§§§§§§s§§§§ #.
#§§§§§§§§§§§§ #
#§§§§§§§§§§§§
§§§§§§§###§§§§
§§§§§§§## §§§§
§§§§§§§ §§§


You could see a shadow and a scorpion.

Vanquished Creatures
  An ice beast (D:5)
  A black bear (D:4)
  An ogre (D:4)
  2 scorpions (D:5)
  A howler monkey (D:5)
  A hound (D:4)
  An orc priest (D:4)
  An iguana (D:5)
  An orc wizard (D:5)
  4 adders
  A white imp (D:4)
  An ufetubus (D:6)
  2 worms
  A dart slug (D:1)
  17 orcs
  8 ball pythons
  5 endoplasms
  2 giant cockroaches
  11 goblins
  10 hobgoblins
  4 quokkas
  4 bats
  A frilled lizard (D:1)
  10 kobolds
  5 rats
96 creatures vanquished.

Notes
Turn   | Place    | Note
-------+----------+-------------------------------------------
     0 | D:1      | GeoRichter the Vine Stalker Brigand began the quest for the
                  | Orb.
     0 | D:1      | Reached XP level 1. HP: 11/11 MP: 2/2
    91 | D:1      | Reached skill level 2 in Short Blades
   139 | D:1      | Reached XP level 2. HP: 14/15 MP: 3/3
   200 | D:1      | Found a faded altar of an unknown god.
   730 | D:2      | Reached skill level 3 in Short Blades
   730 | D:2      | Reached XP level 3. HP: 18/18 MP: 4/4
   829 | D:2      | Gained mutation: Your natural rate of healing is unusually
                  | fast. [Vine Stalker growth]
   829 | D:2      | Reached XP level 4. HP: 23/23 MP: 5/5
  1422 | D:3      | Found Masiph's Distillery.
  1428 | D:3      | Bought a potion of curing for 42 gold pieces
  1523 | D:3      | Reached skill level 4 in Short Blades
  1527 | D:3      | Found Hykha's Antique Weapon Boutique.
  1583 | D:3      | Found a runed translucent door.
  1585 | D:3      | Noticed bencef's ghost (amateur OpTm)
  1699 | D:3      | Found Hisenk's Antique Weapon Shoppe.
  1796 | D:3      | Found Duhacwag's Armour Shoppe.
  2127 | D:4      | Noticed a black bear
  2140 | D:4      | Killed a black bear
  2141 | D:4      | Reached skill level 5 in Short Blades
  2141 | D:4      | Reached XP level 5. HP: 23/26 MP: 6/6
  2250 | D:4      | Found Meymiun's Jewellery Boutique.
  2431 | D:4      | Noticed an ogre
  2449 | D:4      | Killed an ogre
  2450 | D:4      | Reached XP level 6. HP: 27/32 MP: 4/7
  3206 | D:5      | Entered Level 5 of the Dungeon
  3269 | D:5      | Reached skill level 6 in Short Blades
  3318 | D:5      | Reached XP level 7. HP: 36/36 MP: 8/8
  3766 | D:5      | Found a staircase to the Ecumenical Temple.
  3785 | Temple   | Entered the Ecumenical Temple
  3887 | Temple   | Became a worshipper of Warmaster Okawaru
  4295 | D:6      | Noticed a shadow
  4335 | D:6      | HP: 1/37 [something (7)]
  4336 | D:6      | Slain by a shadow

Illustrated notes

Levels and vault maps discovered:
D:1:      tarquinn_simple_flora_water_f, layout_basic,
          shapermc_ecumenical_altar_notcrosses, minmay_misc_feat_tiny
D:2:      layout_loops_cross, kennysheep_generic_room_8
D:3:      layout_basic, serial_shops, nicolae_shop_real_fake_doors,
          nicolae_diamond_shop, nicolae_shop_waterfront, nicolae_shop_peninsula,
          ebering_ghost_sewer_d, st_stairs_6, supply_closet_lemuel, minivault_23
D:4:      corexii_shack_village, layout_loops_cross, serial_co_window_serial,
          co_window_corner_a, co_window_of_opportunity_a, co_window_paths_b,
          co_window_paths_a, co_window_of_opportunity_a,
          co_window_of_opportunity_a, co_window_paths_a,
          co_window_of_opportunity_c, co_window_broadway_b, co_window_corner_ca,
          co_window_paths_c, co_window_paths_c, co_window_paths_e,
          glass_columns_b, glass_columns_a, glass_columns_a, glass_columns_a,
          glass_columns_b, serial_shops, shop
D:5:      layout_basic, minmay_temple_entry_glassed_door
D:6:      layout_basic
Temple:   hellmonk_temple_beads

Skill      XL: |  1  2  3  4  5  6 |
---------------+-------------------+-----
Short Blades   | 2 3 5 6 |  6.9
Fighting       | 2 3 |  3.6
Throwing       | |  1.7
Dodging        | |  0.7
Stealth        | |  4.8

Action                     |  1- 3 |  4- 6 |  7- 9 || total
---------------------------+-------+-------+-------++-------
  Melee: Dagger            |    64 |   150 |    38 ||   252
         Bite              |    15 |    41 |    16 ||    72
         Punch             |       |     1 |       ||     1
  Throw: Dart              |    20 |    31 |     5 ||    56
    Use: Scroll            |       |     3 |     3 ||     6
   Stab: Sleeping          |     3 |     6 |       ||     9
         Distracted        |       |     1 |       ||     1
 Armour: Scale mail        |    16 |    56 |    10 ||    82
  Dodge: Dodged            |    21 |    57 |    14 ||    92
